AoeStats
← Mr. Penis

Four Lakes

503653898Analyzed
4v4 RM · 1mo ago on Sep 1, 2026· 43m 17s· 8 players
Game mode
Random Map
Map size
Large (8 player)
Population
200
Speed
Normal
Resources
Standard
Victory
Conquest
Starting age
Dark Age
Ending age
Imperial Age
RankedLock teamsTeams togetherTeam positionsShared explorationLock speedFull tech treeHidden civsTurbo modeCheats
Victory
Defeat
🇪🇸 Vikings · Spain
1224
+14
🇨🇭 Wei · Switzerland
1211
+15
🇷🇺 Jurchens · Russia
1199
+15
🇳🇱 Dravidians · Netherlands
1195
+15
🇫🇷 Malay · France
1245
-18
🇨🇳 Byzantines · China
1164
-14
🇩🇪 Celts · Germany
1158
-14
🇺🇸 Japanese · United States
1154
-14
canflauta
7:45 Loom
10:59 Feudal Age
16:39 Castle Age
15:24 Gold Mining
15:23 Double-Bit Axe
15:21 Horse Collar
16:45 Crossbowman
17:52 Fletching
18:03 Padded Archer Armor
18:19 Bow Saw
27:21 Town Watch
27:49 Pikeman
29:32 Scale Mail Armor
29:43 Forging
29:28 Bodkin Arrow
31:41 Ballistics
31:39 Chain Mail Armor
32:00 Iron Casting
31:38 Heavy Plow
32:18 Gold Shaft Mining
31:33 Stone Mining
36:07 Imperial Age
33:39 Squires
37:12 Capped Ram
37:25 Arbalester
38:26 Bracer
38:43 Leather Archer Armor
39:41 Two-Man Saw
40:29 Masonry
Lewon
10:04 Loom
12:30 Feudal Age
13:12 Double-Bit Axe
13:33 Fishing Lines
14:01 Fletching
21:16 Castle Age
19:17 Gold Mining
19:31 Padded Archer Armor
20:11 Horse Collar
21:26 Crossbowman
22:11 Thumb Ring
22:02 Bodkin Arrow
23:47 Gillnets
26:02 Ballistics
27:55 Wheelbarrow
29:21 Horse Collar
34:50 Imperial Age
34:29 Medical Corps
34:47 Heavy Plow
36:01 Bracer
38:42 Elite Elephant Archer
40:58 Leather Archer Armor
41:51 Chemistry
43:42 Ring Archer Armor
43:36 Conscription
Bombadil
4:30 Loom
11:08 Feudal Age
11:38 Double-Bit Axe
12:13 Horse Collar
12:55 Bloodlines
13:42 Wheelbarrow
13:44 Fishing Lines
14:58 Scale Barding Armor
15:04 Forging
16:08 Gold Mining
20:04 Castle Age
18:29 Stone Mining
19:03 Fletching
21:26 Stone Shaft Mining
21:04 Bow Saw
20:59 Heavy Plow
21:47 Gold Shaft Mining
22:35 Husbandry
24:01 Bodkin Arrow
25:55 Medium Warships
26:26 Demolition Ship
28:03 Gillnets
31:06 Chain Barding Armor
31:21 Iron Casting
31:41 Hand Cart
35:26 Tuntian
38:38 Imperial Age
36:42 Coinage
39:45 Ming Guang Armor
38:45 Elite Tiger Cavalry
38:50 Heavy Hei Guang Cavalry
44:03 Coinage
Mr. Penis
11:46 Feudal Age
16:05 Castle Age
15:26 Fishing Lines
16:30 Bloodlines
17:17 Double-Bit Axe
18:33 Loom
22:36 Gillnets
22:56 Horse Collar
25:33 Wheelbarrow
25:29 Heavy Plow
25:44 Husbandry
30:03 Scale Barding Armor
30:09 Forging
29:53 Gold Mining
29:53 Stone Mining
31:26 Chain Barding Armor
32:59 Iron Casting
32:37 Bow Saw
35:57 Medium Warships
37:37 Fortified Bastions
38:41 Hand Cart
38:11 Town Watch
42:59 Imperial Age
40:30 Town Patrol
40:23 Fletching
43:13 Gold Shaft Mining
43:13 Stone Shaft Mining
42:46 Demolition Ship
43:11 Elite Steppe Lancer
King Luis VI
8:56 Loom
11:15 Feudal Age
15:14 Double-Bit Axe
17:56 Castle Age
19:10 Stone Mining
21:41 Fishing Lines
21:30 Pikeman
22:43 Bow Saw
23:10 Wheelbarrow
25:52 Gillnets
27:29 Gold Mining
29:55 Hand Cart
30:59 Gold Shaft Mining
31:11 Ballistics
40:18 Imperial Age
40:54 Heavy Scorpion
BenjLike
8:19 Loom
10:35 Feudal Age
10:12 Double-Bit Axe
17:53 Fishing Lines
22:00 Castle Age
21:54 Bow Saw
21:25 Horse Collar
21:53 Scale Barding Armor
21:59 Forging
21:52 Husbandry
21:54 Gillnets
23:32 Wheelbarrow
22:42 Town Watch
23:08 Heavy Plow
27:21 Iron Casting
29:51 Fletching
31:27 Hand Cart
31:45 Thalassocracy
31:42 Bodkin Arrow
32:35 Padded Archer Armor
34:38 Leather Archer Armor
37:07 Imperial Age
34:56 Medium Warships
34:09 Pikeman
34:50 Squires
34:35 Arson
34:11 Man-at-Arms
35:34 Gold Mining
35:34 Stone Mining
36:35 Forced Levy
36:56 Conscription
35:57 Elite Karambit Warrior
36:08 Sappers
37:39 Blast Furnace
36:01 Halberdier
37:17 Crop Rotation
36:59 Long Swordsman
38:16 Gold Shaft Mining
38:16 Stone Shaft Mining
38:11 Town Patrol
37:34 Two-Handed Swordsman
39:21 Bracer
39:48 Heavy Warships
40:16 Ring Archer Armor
41:14 Coinage
40:55 Guilds
40:46 Caravan
42:25 Ballistics
42:11 Siege Engineers
41:47 Treadmill Crane
42:02 Murder Holes
42:18 Masonry
43:09 Chemistry
张维为
2:28 Loom
11:42 Feudal Age
12:47 Double-Bit Axe
14:00 Horse Collar
28:11 Wheelbarrow
30:23 Gold Mining
40:25 Castle Age
41:25 Medium Warships
MrDuffyMcDuff
0:27 Loom
12:17 Feudal Age
12:58 Double-Bit Axe
15:03 Fishing Lines
18:55 Castle Age
18:08 Gold Mining
19:24 Forging
20:54 Bow Saw
21:43 Wheelbarrow
21:42 Gillnets
21:57 Stone Mining
22:43 Gold Shaft Mining
25:13 Hand Cart
25:51 Horse Collar
28:37 Heavy Plow
29:40 Thumb Ring
32:09 Squires
35:22 Imperial Age
32:43 Arson
33:08 Fletching
33:19 Padded Archer Armor
36:12 Treadmill Crane
36:43 Masonry
37:13 Parthian Tactics
36:08 Heavy Cavalry Archer
36:28 Elite Samurai
37:32 Kataparuto
37:34 Conscription
38:42 Two-Man Saw
38:18 Bodkin Arrow
39:47 Chemistry
39:05 Leather Archer Armor
39:38 Scale Mail Armor
40:19 Iron Casting
39:25 Capped Ram
40:41 Chain Mail Armor
Connection lost

Rejoining the realm…

Still unreachable

The connection could not be restored.

Session expired

The server has moved on; the page needs a fresh start.